 Dungeon Crawl Stone Soup version 0.32-a0-938-g40ac7a0f4d (webtiles) character file.

Game seed: 10172265018083729643

12427 Cancer the Geomancer (level 11, -4/61 HPs)
             Began as a Gargoyle Earth Elementalist on Apr 15, 2024.
             Was a Believer of Vehumet.
             Killed from afar by a starcursed mass (6 damage)
             ... with an accursed screaming
             ... on level 1 of the Abyss.
             The game lasted 01:04:34 (15950 turns).

Cancer the Geomancer (Gargoyle Earth Elementalist) Turns: 15950, Time: 01:04:34

Health: -4/61      AC: 21    Str: 13    XL:     11   Next: 93%
Magic:  5/23       EV: 11    Int: 25    God:    Vehumet [**....]
Gold:   836        SH:  0    Dex: 16    Spells: 14/27 levels left

rFire   . . .        n - +3 dagger (speed)
rCold   . . .        (no shield)
rNeg    + . .        L - +0 acid dragon scales
rPois   ∞            N - +1 hat {SInv}
rElec   +            z - +0 cloak
rCorr   +            i - +2 pair of gloves
SInv    +            y - +0 pair of boots
Will    .....        (no amulet)
Stlth   ++++         f - +6 ring of dexterity
HPRegen 0.30/turn    g - +6 ring of intelligence
MPRegen 0.18/turn

%: no passive effects
@: no status effects
A: sickness immunity, AC +8, negative energy resistance 1, electricity
resistance, torment resistance 1, petrification resistance
a: Renounce Religion


You were on level 1 of the Abyss.
You worshipped Vehumet.
Vehumet was pleased with you.
You visited 2 branches of the dungeon, and saw 13 of its levels.
You visited the Abyss 1 time.
You also visited: Ossuary.

You collected 836 gold pieces.

Inventory:

Hand Weapons
 h - a +1 hand axe of flaming
 n - a +3 dagger of speed (weapon)
Missiles
 E - 2 throwing nets
Armour
 a - a +0 robe
 i - a +2 pair of gloves (worn)
 y - a +0 pair of boots (worn)
 z - a +0 cloak (worn)
 C - a +0 buckler
 I - an orb of light
 L - +0 acid dragon scales (worn)
 N - a +1 hat of see invisible (worn)
 R - a +0 troll leather armour
Jewellery
 f - a +6 ring of dexterity (left hand)
 g - a +6 ring of intelligence (right hand)
 J - a +6 ring of strength
 S - a ring of fire
Wands
 o - a wand of polymorph (8)
 q - a wand of paralysis (10)
 H - a wand of flame (36)
 O - a wand of light (5)
 Q - a wand of mindburst (8)
Scrolls
 l - 6 scrolls of identify
 p - a scroll of immolation
 s - 2 scrolls of noise
 u - 3 scrolls of vulnerability
 v - a scroll of torment
 w - 3 scrolls of revelation
 A - 4 scrolls of enchant weapon
 B - 2 scrolls of poison
 F - 4 scrolls of teleportation
 G - a scroll of enchant armour {unknown}
 M - 4 scrolls of fear {unknown}
 P - a scroll of fog {unknown}
 U - a scroll of blinking {unknown}
Potions
 b - a potion of magic
 c - 6 potions of curing
 d - 2 potions of attraction {unknown}
 e - 2 potions of haste
 j - 2 potions of degeneration {unknown}
 k - 4 potions of heal wounds
 m - 2 potions of lignification {unknown}
 r - 2 potions of ambrosia {unknown}
 t - 2 potions of enlightenment {unknown}
 x - 3 potions of might {unknown}
 D - 2 potions of brilliance {unknown}
 K - 3 potions of berserk rage {unknown}
 T - a potion of mutation {unknown}


   Skills:
 - Level 4.0 Fighting
 - Level 4.0 Armour
 - Level 2.0 Dodging
 + Level 8.1 Stealth
 - Level 8.9 Spellcasting
 - Level 10.4 Conjurations
 + Level 3.1 Translocations
 - Level 11.8 Earth Magic


You had 14 spell levels left.
You knew the following spells:

 Your Spells              Type           Power      Damage    Failure   Level
a - Sandblast             Erth           100%       2d20      1%          1
b - Stone Arrow           Conj/Erth      100%       3d13      1%          3
c - Passwall              Erth           63%        N/A       1%          3
d - Blink                 Tloc           54%        N/A       3%          2
e - Brom's Barrelling Bo  Conj/Erth      61%        2d8       1%          4

Your spell library contained the following spells:

 Spells                   Type           Power      Damage    Failure   Level
 Magic Dart               Conj           100%       1d8       1%          1
 Kiss of Death            Conj/Necr      100%       2d13      1%          1
 Shock                    Conj/Air       100%       1d9       1%          1
 Momentum Strike          Conj/Tloc      90%        3d10      1%          2
 Lesser Beckoning         Tloc           54%        N/A       3%          2
 Iskenderun's Mystic Bla  Conj/Tloc      45%        2d10      (+2d54%     4
 Petrify                  Alch/Erth      40%        N/A       7%          4
 Fulminant Prism          Conj/Alch      18%        3d11      9%          4
 Ensorcelled Hibernation  Hex/Ice        22%        N/A       12%         2
 Volatile Blastmotes      Fire/Tloc      38%        2d13      12%         3
 Confusing Touch          Hex            11%        N/A       24%         3
 Swiftness                Air            11%        N/A       24%         3
 Fireball                 Conj/Fire      18%        3d9       26%         5
 Airstrike                Air            5%         2d(1-17)  61%         4
 Cause Fear               Hex            5%         N/A       61%         4
 Dispel Undead            Necr           11%        3d9       61%         4
 Malign Gateway           Summ/Tloc      9%         N/A       100%        7
 Summon Horrible Things   Summ           5%         N/A       100%        8
 Dragon's Call            Summ           5%         N/A       100%        9


Dungeon Overview and Level Annotations

Branches:
Dungeon (12/15)            Temple (1/1) D:7            Lair (0/5) D:9
    Orc (0/2) D:10        Ossuary (visited)

Altars:
Ashenzari
Cheibriados
Dithmenos
Elyvilon
Fedhas
Gozag
Hepliaklqana
Kikubaaqudgha
Makhleb
Nemelex Xobeh
Okawaru
Qazlal
Ru
Sif Muna
Trog
Uskayaw
Vehumet
Wu Jian
Xom
Yredelemnul
Zin
The Shining One
Jiyva

Shops:
D:1 (   D:4 (   D:11 :   D:12 (

Annotations:
D:11 6skelewar,troll
D:12 ugly, Erolcha


Innate Abilities, Weirdness & Mutations

You are immune to sickness and miasma.
Your stone body is resilient. (AC +8)
You are immune to poison.
You resist negative energy. (rN+)
You are resistant to electric shocks. (rElec)
You are resistant to unholy torment.
You are immune to petrification.


Message History

A starcursed mass splits.
Unknown command.
A shadow dragon skeleton comes into view.
A starcursed mass splits.
A chorus of shrieks assaults your mind.
There is a corrupted altar of Lugonu here.
Okay, then.
Press: ? - help, v - describe, . - travel
Here: a starcursed mass (moderately damaged)
The floor.
Unknown command.
Unknown command.
A small abomination comes into view.
A starcursed mass splits.
A starcursed mass splits.
A starcursed mass splits.
A chorus of shrieks assaults your mind.
The small abomination attacks as it pursues you!
The small abomination barely misses you.
The small abomination attacks as it pursues you!
The small abomination hits you!
A deafening chorus of shrieks assaults your mind!
* * * LOW HITPOINT WARNING * * *
A starcursed mass splits.
The small abomination attacks as it pursues you!
The small abomination hits you but does no damage. x2
The small abomination attacks as it pursues you!
The small abomination hits you!
* * * LOW HITPOINT WARNING * * *
The small abomination attacks as it pursues you!
The small abomination closely misses you.
A starcursed mass splits.
A chorus of shrieks assaults your mind.
* * * LOW HITPOINT WARNING * * *
The small abomination attacks as it pursues you!
The small abomination barely misses you. x2
The small abomination attacks as it pursues you!
The small abomination barely misses you.
A chorus of shrieks assaults your mind.
You die...

# . ## .# ###.##
.##
#...@#######..#
#....##x..XX#...#
#### #####...#.
####.#.#.# #
..#...§. #.#..#.
#...# Z........
#. ##....##.....
# #...#X ######
#..## ... ..#


You could see 2 starcursed masses and a small abomination.

Vanquished Creatures
  A two-headed ogre (D:11)
  A deep elf pyromancer (D:12)
  An ugly thing (D:10)
  Maggie (D:8)
  2 gargoyles (D:11)
  2 unseen horrors
  3 trolls
  Grinder (D:4)
  A hornet (D:10)
  4 slime creatures (D:12)
  A shadow (D:9)
  A wraith (D:11)
  A vampire (D:12)
  A wyvern (D:8)
  Eustachio (D:5)
  19 yaks
  Menkaure (D:5)
  2 wargs (D:10)
  An acid dragon (D:10)
  A water moccasin (D:8)
  2 hell hounds (Abyss:1)
  Duvessa (D:4)
  2 orc warriors (D:12)
  An ice beast (D:5)
  A sky beast (D:7)
  A black bear (D:8)
  An ogre (D:6)
  A phantom (D:6)
  5 centaurs
  A kobold brigand (D:8)
  2 elf zombies (Ossuary)
  A bullfrog (D:7)
  A gnoll sergeant (D:10)
  4 scorpions
  Dowan (D:4)
  9 howler monkeys
  An electric eel (D:9)
  A bombardier beetle (D:5)
  3 gnoll boudas
  2 hounds
  4 jellies (D:9)
  11 orc priests
  Crazy Yiuf (D:4)
  Jessica (D:2)
  An iguana (D:3)
  10 orc wizards
  3 hound zombies (Ossuary)
  4 mummies (Ossuary)
  Robin (D:2)
  20 gnolls
  7 adders
  2 shadow imps (D:7)
  A white imp (D:5)
  An adder zombie (Ossuary)
  4 dart slugs
  3 ribbon worms
  34 orcs
  12 ball pythons
  7 bats
  7 endoplasms
  A giant cockroach (D:4)
  A gnoll zombie (Ossuary)
  10 hobgoblins
  4 quokkas
  2 frilled lizards (D:1)
  17 goblins
  A goblin zombie (Ossuary)
  8 kobolds
  2 kobold zombies (Ossuary)
  2 orc zombies (Ossuary)
  6 rats
275 creatures vanquished.

Notes
Turn   | Place    | Note
-------+----------+-------------------------------------------
     0 | D:1      | Cancer the Gargoyle Earth Elementalist began the quest for
                  | the Orb.
     0 | D:1      | Reached XP level 1. HP: 10/10 MP: 3/3
   163 | D:1      | Reached XP level 2. HP: 15/15 MP: 3/5
   288 | D:1      | Found Soteob's Weapon Shop.
   532 | D:1      | Reached skill level 4 in Earth Magic
   833 | D:1      | Found a faded altar of an unknown god.
  1059 | D:2      | Noticed Jessica
  1066 | D:2      | Killed Jessica
  1067 | D:2      | Reached XP level 3. HP: 17/19 MP: 0/7
  1341 | D:2      | Noticed Robin
  1359 | D:2      | Reached XP level 4. HP: 24/24 MP: 8/8
  1391 | D:2      | Killed Robin
  1794 | D:2      | Reached XP level 5. HP: 28/28 MP: 4/9
  2700 | D:3      | Reached skill level 5 in Earth Magic
  3388 | D:3      | Learned a level 3 spell: Stone Arrow
  3392 | D:3      | Learned a level 3 spell: Passwall
  3395 | D:3      | Learned a level 2 spell: Blink
  3422 | D:4      | Noticed Grinder
  3470 | D:4      | Found Ontarrut's Weapon Shoppe.
  3481 | D:4      | Reached XP level 6. HP: 31/32 MP: 6/11
  3631 | D:4      | Noticed Dowan
  3633 | D:4      | Noticed Duvessa
  3634 | D:4      | Found a sand-covered staircase.
  3644 | Ossuary  | Entered an ossuary
  3751 | Ossuary  | Reached skill level 1 in Armour
  3788 | Ossuary  | Reached skill level 1 in Fighting
  3812 | Ossuary  | Reached skill level 1 in Translocations
  3812 | Ossuary  | Reached XP level 7. HP: 32/38 MP: 0/12
  4688 | D:4      | Found a runed translucent door.
  4689 | D:4      | Noticed Crazy Yiuf
  4694 | D:4      | Killed Crazy Yiuf
  4833 | D:4      | Found a bloodstained altar of Trog.
  5100 | D:4      | Killed Grinder
  5101 | D:4      | Reached skill level 6 in Earth Magic
  5400 | D:5      | Entered Level 5 of the Dungeon
  5442 | D:5      | Reached XP level 8. HP: 43/43 MP: 11/14
  5633 | D:5      | Reached skill level 5 in Conjurations
  5670 | D:5      | Noticed Menkaure
  5675 | D:5      | Killed Menkaure
  5676 | D:5      | Reached skill level 7 in Earth Magic
  5712 | D:5      | Noticed Eustachio
  5725 | D:5      | Killed Eustachio
  5726 | D:5      | Reached skill level 5 in Spellcasting
  5789 | D:5      | Found a sparkling altar of Nemelex Xobeh.
  6366 | D:4      | Killed Duvessa
  6461 | D:4      | Killed Dowan
  6615 | D:6      | Reached XP level 9. HP: 43/47 MP: 13/17
  6698 | D:6      | Reached skill level 8 in Earth Magic
  6752 | D:6      | Reached skill level 5 in Stealth
  7446 | D:7      | Found an ancient bone altar of Kikubaaqudgha.
  7631 | D:7      | Found a staircase to the Ecumenical Temple.
  7645 | Temple   | Entered the Ecumenical Temple
  7656 | Temple   | Became a worshipper of Vehumet
  7783 | D:7      | Found a blossoming altar of Fedhas.
  8458 | D:8      | Noticed Maggie
  8741 | D:8      | Found an iron altar of Okawaru.
  8896 | D:8      | Killed Maggie
  8897 | D:8      | Reached skill level 9 in Earth Magic
  9012 | D:8      | You fall into a shaft and drop 3 floors!
  9025 | D:11     | Noticed an unseen horror
  9028 | D:11     | Killed an unseen horror
  9029 | D:11     | Reached XP level 10. HP: 50/52 MP: 13/20
  9072 | D:11     | Found Rouzxoar's Book Shop.
  9108 | D:11     | Noticed a skeletal warrior
  9140 | D:11     | Noticed a skeletal warrior
  9140 | D:11     | Noticed a skeletal warrior
  9140 | D:11     | Noticed a skeletal warrior
  9140 | D:11     | Noticed a skeletal warrior
 10222 | D:11     | Noticed a gargoyle
 10232 | D:11     | Learned a level 4 spell: Brom's Barrelling Boulder
 10237 | D:11     | Noticed a gargoyle
 10622 | D:11     | Noticed a two-headed ogre
 10626 | D:11     | Killed a two-headed ogre
 11129 | D:11     | Killed a gargoyle
 11227 | D:11     | Killed a gargoyle
 11384 | D:10     | Entered Level 10 of the Dungeon
 11704 | D:10     | Noticed a brown ugly thing
 11741 | D:10     | Reached skill level 10 in Earth Magic
 12062 | D:10     | Reached * piety under Vehumet
 12062 | D:10     | Offered knowledge of Freeze by Vehumet.
 12078 | D:10     | Found a staircase to the Orcish Mines.
 12140 | D:10     | Reached XP level 11. HP: 55/60 MP: 15/22
 12994 | D:9      | Found a viscous altar of Jiyva.
 13118 | D:9      | Found a staircase to the Lair.
 13155 | D:9      | Found a glowing silver altar of Zin.
 13822 | D:9      | Found an ornate altar of the Wu Jian Council.
 13822 | D:9      | Found an opulent altar of Gozag.
 13822 | D:9      | Found a hide-covered altar of Uskayaw.
 14317 | D:10     | Killed a brown ugly thing
 14449 | D:12     | Reached skill level 11 in Earth Magic
 14827 | D:12     | Reached ** piety under Vehumet
 14827 | D:12     | Offered knowledge of Magic Dart by Vehumet.
 14875 | D:12     | Noticed Erolcha
 14875 | D:12     | Noticed a red ugly thing
 14911 | D:12     | Found Comaop's Antique Weapon Boutique.
 14924 | D:12     | Reached skill level 10 in Conjurations
 15258 | D:12     | Noticed a deep elf pyromancer
 15290 | D:12     | Killed a deep elf pyromancer
 15804 | Abyss:1  | Cast into level 1 of the Abyss (Erolcha)
 15862 | Abyss:1  | Noticed a thrashing horror
 15901 | Abyss:1  | Found a corrupted altar of Lugonu.
 15918 | Abyss:1  | Noticed a starcursed mass
 15948 | Abyss:1  | HP: 2/61 [starcursed mass/accursed screaming (8)]
 15950 | Abyss:1  | Killed from afar by a starcursed mass

Illustrated notes

Levels and vault maps discovered:
D:1:      nzn_arrival_water_spiral, layout_basic,
          hellmonk_ecumenical_altar_run_dry, serial_shops,
          nicolae_shop_hallway_plus
D:2:      layout_loops_corners, uniq_jessica, uniq_robin
D:3:      minmay_recursive_quarters, layout_loops_ring
D:4:      layout_gridville, lemuel_coloured_pillars_altar, serial_shops,
          nicolae_shop_scrapyard, nicolae_ossuary_entry_plus, bh_walls_and_bars,
          uniq_grinder, uniq_crazy_yiuf_cottage, uniq_duvessa
D:5:      layout_basic, nemelex_altar_shiori, chequers_serial_rivers_micro_d,
          uniq_menkaure, uniq_eustachio
D:6:      layout_basic, serial_rivers, chequers_serial_rivers_micro_a,
          chequers_serial_rivers_micro_b, chequers_serial_rivers_small_a,
          chequers_serial_rivers_small_b, chequers_serial_rivers_micro_e
D:7:      layout_basic, grunt_temple_overflow_growth_and_decay,
          minmay_temple_entry_overgrown
D:8:      layout_basic, okawaru_gym_becter, columned_hall_lemuel, uniq_maggie
D:9:      layout_loops_ring, mainiacjoe_overflow_alcove_1,
          gammafunk_temple_overflow_claw, lair_entry_dummy,
          nicolae_water_bricks, jiyva_altar_1
D:10:     layout_basic, david_orc_1_choice
D:11:     layout_grid_maze, serial_shops, shop, nicolae_tricolors, uniq_harold
D:12:     layout_roguey, serial_shops, nicolae_shop_back_alley_shop,
          serial_bayou_pond_e, nzn_life_drinkers, uniq_erolcha
Temple:   nicolae_temple_figure_eight
Abyss:1:  base:
D:5

Skill      XL: |  1  2  3  4  5  6  7  8  9 10 11 |
---------------+----------------------------------+-----
Earth Magic    | 4 5 6 7 9 10 11 | 11.8
Conjurations   | 2 3 4 6 8 10 | 10.4
Spellcasting   | 3 4 5 7 8 |  8.9
Armour         | 1 3 4 |  4.0
Fighting       | 1 3 4 |  4.0
Translocations | 1 2 3 |  3.1
Dodging        | 2 |  2.0
Stealth        | 4 6 7 8 |  8.1

Action                     |  1- 3 |  4- 6 |  7- 9 | 10-12 || total
---------------------------+-------+-------+-------+-------++-------
  Melee: Unarmed           |     2 |       |       |       ||     2
         Hand axe          |    15 |    17 |       |       ||    32
         Dagger            |       |   109 |    57 |    54 ||   220
   Cast: Sandblast         |    29 |    78 |   105 |   142 ||   354
         Passwall          |       |       |     7 |    34 ||    41
         Stone Arrow       |       |       |    24 |    63 ||    87
    Use: Scroll            |       |       |    11 |       ||    11
   Stab: Sleeping          |     3 |     3 |     4 |     2 ||    12
 Armour: Robe              |     5 |       |       |       ||     5
         Leather armour    |     7 |    96 |   117 |       ||   220
         Acid dragon scale |       |       |     1 |   156 ||   157
  Dodge: Dodged            |    15 |    96 |    74 |   103 ||   288

Table legend: (Time is in decaauts)
 A = Elapsed time spent in this place.
 B = Non-inter-level travel time spent in this place.
 C = Inter-level travel time spent in this place.
 D = Time resting spent in this place.
 E = Time spent auto-exploring this place.
 F = Levels seen in this place.
 G = Mean time per level.
                   A        B        C        D        E       F      G
               +--------+--------+--------+--------+--------+-----+--------+
         Total |  16084 |  14517 |   1567 |   1640 |   7156 |  15 | 1072.3 |
       Dungeon |  15431 |  13882 |   1549 |   1626 |   7036 |  12 | 1285.9 |
        Temple |     20 |      2 |     18 |      0 |      0 |   1 |   20.0 |
         Abyss |    146 |    146 |      0 |     12 |     49 |   1 |  146.0 |
       Ossuary |    486 |    486 |      0 |      2 |     71 |   1 |  486.0 |
               +--------+--------+--------+--------+--------+-----+--------+

Top non-repeatable levels by time:
    D:11: 2593 daAuts
     D:4: 1608 daAuts
    D:10: 1550 daAuts
     D:2: 1318 daAuts
     D:8: 1275 daAuts
    D:12: 1253 daAuts
     D:3: 1108 daAuts
     D:1: 1061 daAuts
     D:9: 1013 daAuts
     D:5: 967 daAuts
     D:6: 947 daAuts
     D:7: 732 daAuts
 Ossuary: 486 daAuts
 Abyss:1: 146 daAuts
  Temple: 20 daAuts
